 Dungeon Crawl Stone Soup version 0.31-a0-963-ga325b2283a (webtiles) character file.

Game seed: 9955367717340903775

28 Gladio the Shield-Bearer (level 3, -5/29 HPs)
             Began as a Formicid Fighter on Oct 25, 2023.
             Slain by an ogre
             ... wielding a +0 giant club
              (22 damage)
             ... on level 2 of the Dungeon.
             The game lasted 00:01:44 (1389 turns).

Gladio the Shield-Bearer (Formicid Fighter)         Turns: 1389, Time: 00:01:45

Health: -5/29      AC:  6    Str: 22    XL:     3   Next: 27%
Magic:  3/3        EV:  8    Int:  7    God:
Gold:   48         SH: 14    Dex: 13    Spells: 2/2 levels left

rFire   . . .        a - +0 quarterstaff
rCold   . . .        n - +0 kite shield
rNeg    . . .        b - +0 scale mail
rPois   .            (helmet unavailable)
rElec   .            (no cloak)
rCorr   .            (no gloves)
SInv    +            (no boots)
Will    .....        m - amulet of reflection Stlth
                     (no ring)
HPRegen 0.24/turn    (no ring)
MPRegen 0.08/turn

%: reflection
@: no status effects
A: permanent stasis, dig shafts and tunnels, antennae 3, four strong arms
a: Dig, Shaft Self


You were on level 2 of the Dungeon.
You visited 1 branch of the dungeon, and saw 2 of its levels.

You collected 48 gold pieces.

Inventory:

Hand Weapons
 a - a +0 quarterstaff (weapon)
Armour
 b - a +0 scale mail (worn)
 c - a +0 buckler
 n - a +0 kite shield (worn)
Jewellery
 m - an amulet of reflection (around neck)
Scrolls
 g - a scroll of poison {unknown}
 i - a scroll of fear {unknown}
 j - a scroll of noise {unknown}
 o - a scroll of teleportation {unknown}
Potions
 d - a potion of might
 e - 3 potions of enlightenment
 f - a potion of berserk rage {unknown}
 h - a potion of magic {unknown}
 k - a potion of heal wounds {unknown}
 l - a potion of curing
 p - a potion of resistance {unknown}


   Skills:
 + Level 3.6 Fighting
 * Level 2.7 Staves
 + Level 3.5 Armour
 + Level 4.3 Shields


You had 2 spell levels left.
You didn't know any spells.
Your spell library contained the following spells:

 Spells                   Type           Power      Damage    Failure   Level
 Hailstorm                Conj/Ice       0%         3d3       100%        3
 Summon Ice Beast         Ice/Summ       0%         N/A       100%        4
 Simulacrum               Ice/Necr       0%         N/A       100%        6


Dungeon Overview and Level Annotations

Branches:
Dungeon (2/15)

Altars:
Fedhas


Innate Abilities, Weirdness & Mutations

You cannot be hasted, slowed, berserked, paralysed or teleported.
You can dig through walls and to a lower floor.
You have a pair of large antennae on your head. (SInv)
Your four strong arms can wield two-handed weapons with a shield.


Message History

You kill the kobold!
No target in view!
No target in view!
No target in view!
No target in view!
No target in view!
No target in view!
No target in view!
You see here a +0 short sword.
Key pressed, stopping explore.
Key pressed, stopping explore.
Key pressed, stopping explore.
You see here a +0 leather armour.
Key pressed, stopping explore.
A bat comes into view.
A bat is nearby!
An ogre comes into view. It is wielding a +0 giant club.
The ogre shouts!
The bat hits you.
You hit the bat.
The bat is heavily wounded.
The bat hits you but does no damage. The bat hits you but does no damage.
You block the bat's attack.
You closely miss the bat.
The bat is moderately wounded.
You block the bat's attack. The bat hits you.
You closely miss the bat.
The bat is moderately wounded.
You block the bat's attack. x2; The bat hits you but does no damage.
The ogre hits you with a +0 giant club!
You hit the bat but do no damage.
The bat is moderately wounded.
The bat hits you but does no damage. x2; You block the ogre's attack.
The bat closely misses you.
You closely miss the bat.
The bat is moderately wounded.
You block the bat's attack.
The ogre hits you with a +0 giant club!!
Ouch! That really hurt!
You die...

#.# #.#
#.##.#.####....#.#.# #.#
#.###.##...........#.#..
#.#
#.##...###.####.#.##.###
#.# #.[........#
#.#.##.# #.#
#.##...##### #.#.##.#
#.# #.###.## { ... #.#
#.# #.# #.# #.####.#
#.######### # #......#
#..@.b.....
##########.####..O......
....)...........########
.....#####..##### .._..#
#..# .....# #..# .....#
#..# ###### #..# ...[


You could see an ogre and a bat.

Vanquished Creatures
  A worm (D:2)
  2 ball pythons
  5 bats (D:1)
  4 endoplasms
  A giant cockroach (D:1)
  3 hobgoblins
  A frilled lizard (D:1)
  2 goblins (D:1)
  3 kobolds
  2 rats
24 creatures vanquished.

Vanquished Creatures (others)
  A kobold (D:2)
1 creature vanquished.

Grand Total: 25 creatures vanquished

Notes
Turn   | Place    | Note
-------+----------+-------------------------------------------
     0 | D:1      | Gladio the Formicid Fighter began the quest for the Orb.
     0 | D:1      | Reached XP level 1. HP: 18/18 MP: 1/1
   155 | D:1      | Reached XP level 2. HP: 24/24 MP: 2/2
  1035 | D:2      | Reached XP level 3. HP: 12/29 MP: 3/3
  1162 | D:2      | Found a blossoming altar of Fedhas.
  1383 | D:2      | Noticed an ogre
  1389 | D:2      | Slain by an ogre

Illustrated notes

Levels and vault maps discovered:
D:1:      dpeg_arrival_arbitrary_c, layout_basic, serial_aquarium,
          aquarium_bridge_square [aquarium_subvault_bridge,
          aquarium_subvault_bridge, aquarium_subvault_wall,
          aquarium_subvault_bridge], aquarium_window_1, aquarium_window_fake,
          aquarium_window_1, aquarium_view_2d, aquarium_view_2e,
          skrybe_limestone_x, minmay_pentomino_s2
D:2:      layout_loops_ring, basic_altar

Action                     || total
---------------------------++-------
  Melee: Quarterstaff      ||    58
    Use: Scroll            ||     2
 Armour: Scale mail        ||    34
  Dodge: Dodged            ||    17
  Block: Buckler           ||     8
         Kite shield       ||    15
         Reflection        ||     3

Table legend: (Time is in decaauts)
 A = Elapsed time spent in this place.
 B = Non-inter-level travel time spent in this place.
 C = Inter-level travel time spent in this place.
 D = Time resting spent in this place.
 E = Time spent auto-exploring this place.
 F = Levels seen in this place.
 G = Mean time per level.
                   A        B        C        D        E       F      G
               +--------+--------+--------+--------+--------+-----+--------+
         Total |   1403 |   1354 |     49 |      0 |   1143 |   2 |  701.5 |
       Dungeon |   1403 |   1354 |     49 |      0 |   1143 |   2 |  701.5 |
               +--------+--------+--------+--------+--------+-----+--------+

Top non-repeatable levels by time:
     D:1: 1003 daAuts
     D:2: 399 daAuts
